 Dungeon Crawl Stone Soup version 0.30.0-29-ga12c61a403 (webtiles) character file.

Game seed: 13033204889468058248

1900731 javelincjr the Slayer (level 27, 159/159 (160) HPs)
             Began as a Djinni Conjurer on June 14, 2023.
             Was the Champion of Qazlal.
             Escaped with the Orb
             ... and 3 runes on June 20, 2023!
             The game lasted 13:27:38 (51504 turns).

javelincjr the Slayer (Djinni Conjurer)            Turns: 51504, Time: 13:27:38

HP:   159/159 (160) AC: 22    Str: 12    XL:     27
Gold: 3829          EV: 20    Int: 34    God:    Qazlal [******] SH: 26 Dex: 15

rFire   + + .        E - +8 trishula "Condemnation" {holy, anguish, *Noise Fly rN+}
rCold   . . .        C - +5 kite shield
rNeg    + + .        Y - +4 troll leather armour
rPois   ∞            R - +0 hat of the New World {Str+4}
rElec   .            w - +4 dragonskin cloak
rCorr   +            y - +2 pair of gloves
SInv    +            (boots unavailable)
Will    +++..        b - amulet of regeneration
Stlth   +            i - ring of the Wizarding Gods {Will+ SInv}
HPRegen 2.06/turn    X - ring "Fesoc" {rC+ rN+ rCorr Int+5 Dex+2}
MPRegen 0.00/turn

%: repel missiles
@: flying, hasted, studying 3 skills, lightly drained, very quick
A: sickness immunity, fire resistance 2, cold vulnerability 1, float, innate
caster, HP casting, extra vitality 1, horns 1, iridescent scales 1, clumsy 1,
frail 2, subdued magic 1, inability to drink after injury 1
0: Orb of Zot
}: 3/15 runes: serpentine, barnacled, slimy
a: Renounce Religion, Upheaval, Elemental Force, Disaster Area


You escaped.
You worshipped Qazlal.
Qazlal was exalted by your worship.
You visited 10 branches of the dungeon, and saw 48 of its levels.
You visited the Abyss 1 time.
You visited 1 ziggurat, and saw 9 of its levels.
You also visited: Gauntlet.

You collected 6335 gold pieces.
You spent 2506 gold pieces at shops.

Inventory:

Hand Weapons
 x - the +10 zealot's sword {holy, Zealotry, *Rage rN+ EV+3}
   (You took it off a deep elf demonologist on level 3 of the Elven Halls)

   Zealotry:  Whenever the wielder enters a berserk rage, their allies are
   berserked alongside them.
   EV:        It affects your evasion (+3).
   rN:        It protects you from negative energy.
   *Rage:     It berserks you when you make melee attacks (+20% chance).
 E - the +8 trishula "Condemnation" (weapon) {holy, anguish, *Noise Fly rN+}
   (You found it on level 3 of a ziggurat)

   rN:        It protects you from negative energy.
   Fly:       It grants you flight.
   *Noise:    It may make noises in combat.
 N - a +9 spear of draining
 P - the +9 war axe "Xabb" {venom, Int+4 Dex+2}
   (You found it on level 1 of the Elven Halls)

   Int:       It affects your intelligence (+4).
   Dex:       It affects your dexterity (+2).
 U - a +3 demon trident of distortion
Missiles
 k - 8 silver boomerangs
Armour
 w - the +4 dragonskin cloak (worn)
   (You found it on level 3 of the Realm of Zot)

   Avatar's Aegis: It grants the wearer a chance to resist fire, cold, poison,
   electricity, acid, and negative energy.
 y - a +2 pair of gloves (worn)
 C - a +5 kite shield (worn)
 F - a scarf of resistance
 R - the +0 hat of the New World (worn) {Str+4}
   (You found it in a Gauntlet)

   Str:       It affects your strength (+4).
 W - the -2 hat of the Alchemist {rElec rPois rF+ rC+ rN+ Will+ rMut rCorr}
   (You found it on level 8 of a ziggurat)

   rF:        It protects you from fire.
   rC:        It protects you from cold.
   rElec:     It insulates you from electricity.
   rPois:     It protects you from poison.
   rN:        It protects you from negative energy.
   rCorr:     It protects you from acid and corrosion.
   rMut:      It protects you from mutation.
   Will:      It increases your willpower.
 Y - a +4 troll leather armour (worn)
Jewellery
 a - the ring of Rusith {Wiz Int+2 Stlth+}
   (You bought it in a shop on level 7 of the Dungeon)

   [ring of wizardry]

   It improves your spell success rate.
   Int:       It affects your intelligence (+2).
   Stlth:     It makes you more stealthy.
 b - an amulet of regeneration (around neck)
 i - the ring of the Wizarding Gods (left hand) {Will+ SInv}
   (You found it on level 2 of the Snake Pit)

   [ring of willpower]

   SInv:      It lets you see invisible.
   Will:      It increases your willpower.
 j - a ring of protection from cold
 V - a ring of resist corrosion
 X - the ring "Fesoc" (right hand) {rC+ rN+ rCorr Int+5 Dex+2}
   (You bought it in a shop on level 2 of the Elven Halls)

   [ring of positive energy]

   Int:       It affects your intelligence (+5).
   Dex:       It affects your dexterity (+2).
   rC:        It protects you from cold.
   rN:        It protects you from negative energy.
   rCorr:     It protects you from acid and corrosion.
Wands
 o - a wand of mindburst (31)
 r - a wand of flame (159)
 v - a wand of digging (26)
 H - a wand of charming (50)
 L - a wand of acid (17)
 O - a wand of iceblast (59)
Scrolls
 e - 25 scrolls of teleportation
 f - 7 scrolls of fear
 l - 10 scrolls of enchant weapon
 n - 3 scrolls of silence
 p - 2 scrolls of torment
 A - 8 scrolls of poison
 B - 6 scrolls of magic mapping
 I - a scroll of summoning
 K - 4 scrolls of brand weapon
 Q - 8 scrolls of fog
 S - 3 scrolls of blinking
 T - 2 scrolls of enchant armour
Potions
 c - 4 potions of haste
 d - 10 potions of might
 g - 12 potions of curing
 h - 4 potions of berserk rage
 s - 8 potions of brilliance
 t - 2 potions of invisibility
 u - 7 potions of heal wounds
 z - 12 potions of lignification
 D - 3 potions of mutation
 G - 3 potions of ambrosia
 Z - 3 potions of cancellation
Miscellaneous
 m - a condenser vane
 q - a phantom mirror
 J - a box of beasts
 M - a lightning rod (4/4)


   Skills:
 * Level 22.4 Fighting
 - Level 3.3 Long Blades
 - Level 4.8(9.2) Axes
 + Level 12.0(12.4) Polearms
 + Level 16.2 Armour
 + Level 17.6 Dodging
 - Level 1.5 Stealth
 + Level 15.0 Shields
 * Level 18.1 Spellcasting
 + Level 11.6 Invocations
 - Level 11.2 Evocations


You knew the following spells:

 Your Spells              Type           Power      Damage    Failure   Level
a - Magic Dart            Conj           100%       1d8       0%          1
b - Searing Ray           Conj           100%       2d8       0%          2
c - Dazzling Flash        Conj/Hex       100%       N/A       0%          3
d - Fulminant Prism       Conj/Hex       43%        3d19      0%          4
e - Iskenderun's Mystic   Conj/Tloc      87%        2d17      0%          4
f - Sting                 Tmut/Pois      100%       1d8       0%          1
g - Momentum Strike       Conj/Tloc      100%       3d10      0%          2
h - Call Canine Familiar  Summ           87%        N/A       0%          3
i - Swiftness             Air            87%        N/A       0%          3
j - Metabolic Englaciati  Hex/Ice        43%        N/A       1%          5
k - Agony                 Necr           87%        N/A       1%          5
l - Death Channel         Necr           43%        N/A       1%          6
m - Enfeeble              Hex            43%        N/A       1%          7
n - Eringya's Noxious Bo  Tmut/Pois      43%        N/A       1%          6
o - Haunt                 Necr/Summ      43%        N/A       1%          7
p - Borgnjor's Revivific  Necr           43%        N/A       8%          8
q - Polar Vortex          Ice            43%        N/A       80%         9
r - Shatter               Erth           43%        3d34*     80%         9
Your spell library was empty.

Dungeon Overview and Level Annotations

Branches:
Dungeon (15/15) Temple (1/1) D:7 Lair (5/5) D:11 Shoals (4/4) Lair:2 Snake (4/4) Lair:3 Slime (5/5) Lair:4 Orc (2/2) D:10 Elf (3/3) Orc:2 Vaults (0/5) D:12 D:13 Depths (4/4) D:15 Zot (5/5) Depths:4 Gauntlet (visited)

Altars:
Ashenzari
Cheibriados
Dithmenos
Elyvilon
Fedhas
Gozag
Hepliaklqana
Makhleb
Nemelex Xobeh
Okawaru
Qazlal
Ru
Trog
Uskayaw
Wu Jian
Xom
Yredelemnul
Zin
The Shining One
Jiyva

Shops:
D:5 **   D:7 =   D:8 !   D:10 :   D:14 :   Orc:2 ([[*   Elf:2 =(   Shoals:1 !
Shoals:3 *   Snake:1 [   Snake:2 =::[   Depths:1 *   Depths:3 =

Portals:
Hell: Depths:1 Depths:2 Depths:3 Depths:4
Abyss: Depths:3
Pandemonium: Depths:1 Depths:2 Depths:3

Annotations:
Elf:2 1 exclusion


Innate Abilities, Weirdness & Mutations

You are immune to sickness and miasma.
You are immune to poison.
Your flesh is very heat resistant. (rF++)
You are vulnerable to cold. (rC-)
You float through the air rather than walking.
You learn spells naturally, not from books.
Your magical power is your life essence.
You have superior vitality. (+4 MHP)
You have a pair of small horns on your head.
You are partially covered in iridescent scales. (AC +2)
You are clumsy. (Dex -2)
You are very frail. (-20% HP)
Your spells are a little easier to cast, but a little less powerful.
You occasionally lose the ability to drink potions when taking damage.


Message History

Aiming: Haunt (mildly dangerous; 1% risk of failure)
Press: ? - help, Dir - move target, f/p - demonspawn blood saint
Aim: a demonspawn blood saint, wielding a +0 dagger and wearing a +0 robe (moderately wounded, slow, ally target) Insubstantial figures form in the air.
The demonspawn blood saint closely misses your shadow wraith.
Your wraith hits the demonspawn blood saint.
The demonspawn blood saint conjures a destructive force in the name of Makhleb!
The mass of ice explodes!
The iceblast engulfs your shadow wraith!!!
The iceblast engulfs the demonspawn blood saint!!
The iceblast engulfs your shadow wraith!!
The iceblast engulfs your wraith!!
Your wraith partially resists.
The fireball explodes!
The fireball engulfs your shadow wraith!!!
Your shadow wraith is destroyed!
Your shadow wraith disappears in a puff of smoke!
The fireball engulfs the demonspawn blood saint.
The demonspawn blood saint completely resists.
The fireball engulfs your shadow wraith!!
Your shadow wraith is destroyed!
Your shadow wraith disappears in a puff of smoke!
The fireball engulfs your wraith!!!
Your wraith is destroyed!
Your wraith disappears in a puff of smoke!
Your wraith closely misses the demonspawn blood saint.
There is a stone staircase leading down here.
You hear an explosion! x2
You hear a shout!
There is a stone staircase leading up here.
You fly upwards.
There is a stone staircase leading down here.
You feel yourself speed up.
Your protection from cold is fading.
You see here a +0 short sword.
You feel less protected from cold. As you open the door, it creaks loudly!
There is an open door here.
There is a staircase leading out of the dungeon here.
You have escaped!

#.# #########.###. #.#
#.......#.# #. #.# #..####.#.# ##
#.# #########..# #...# #.#
###########.# #.### #.#
##8.8#..⌠##.# #.# #.#
##...#..(.'.## #.#
#.##########⌠..#§.♣##°.###.######
#.........#⌠_.>#@○..'......#.....
#..#########⌠..#..♣##.####.#.####
#..###### ##...#..○.+.# #.#.#
).......# ##8.8#..⌠##.# #.#.#
#..####.# ###########.# #.#.# ##
#..# #.############..# #.#.# #.
#..# #...........#...# #.#.###.
...# #####...###...### #.......
...# ##.## ##.## #.#.###.


There were no monsters in sight!

Vanquished Creatures
  the Royal Jelly (Slime:5)
  A dread lich (Zot:5)
  An orb of fire (Zot:5)
  2 ancient liches (Zot:5)
  Mara (Elf:3)
  2 Killer Klowns
  Saint Roka (Depths:2)
  3 caustic shrikes (Depths:4)
  3 golden dragons
  An electric golem (Zot:5)
  Rupert (D:12)
  Mlioglotl (Snake:3)
  7 tentacled monstrosities
  Jorgrun (D:15)
  14 Orb Guardians
  A lich (Depths:4)
  3 deep elf blademasters
  2 quicksilver dragons
  6 death cobs
  A deep elf master archer (Elf:3)
  8 acid blobs
  Agnes (Snake:4)
  Donald (Snake:4)
  2 tengu reavers
  Roxanne (Snake:4)
  6 azure jellies
  2 draconian monks
  2 storm dragons
  4 rockslimes (Slime:5)
  4 nagarajas
  2 deep elf sorcerers
  A quicksilver elemental (Zig:1)
  A draconian knight (Zot:2)
  A frost giant (Depths:4)
  A draconian scorcher (Zot:3)
  Aizul (Snake:3)
  5 deep elf elementalists (Elf:3)
  3 draconian shifters
  A draconian stormcaller (Zot:1)
  An angel (D:2)
  5 draconian annihilators
  9 quicksilver oozes
  8 very ugly things
  3 stone giants
  5 green draconians
  6 red draconians
  A yellow draconian (Zot:4)
  5 deep elf demonologists
  8 white draconians
  2 dire elephants (Snake:4)
  4 black draconians
  A minotaur (Gauntlet)
  4 spark wasps (Depths:1)
  4 deep elf annihilators (Elf:3)
  7 purple draconians
  2 blizzard demons
  3 merfolk javelineers (Zig:7)
  3 ettins
  5 deep elf death magi
  3 fire dragons
  An entropy weaver (Zig:4)
  A great orb of eyes (Slime:5)
  A merfolk impaler (Shoals:3)
  4 rakshasas
  A deep elf high priest (Elf:3)
  5 hydras
  Harold (D:10)
  A spriggan air mage (Depths:4)
  A salamander tyrant (Snake:4)
  A catoblepas (Lair:5)
  2 hell beasts
  Erolcha (Orc:1)
  2 boulder beetles
  11 anacondas
  5 centaur warriors
  7 two-headed ogres
  21 dancing weapons
  15 naga warriors
  A deep troll shaman (Depths:4)
  13 death yaks
  3 deep troll earth magi
  2 hell hogs (Abyss:2)
  2 tengu warriors (Depths:3)
  14 naga sharpshooters
  Urug (D:11)
  Nergalle (D:11)
  An orc high priest (Elf:3)
  A spriggan berserker (Depths:3)
  2 shock serpents
  A sun demon (Depths:1)
  3 wretched stars (Abyss:2)
  17 deep elf knights
  A fire crab (Gauntlet)
  An iron troll (Depths:4)
  5 hell knights (Depths:4)
  Amaemon (D:8)
  A death drake (shapeshifter) (D:15)
  7 skeletal warriors (D:15)
  5 sea snakes
  3 skysharks
  4 glowing orange brains
  3 salamander mystics
  2 large abominations (Abyss:2)
  10 deep trolls
  5 naga ritualists
  10 deep elf archers
  An orc knight (D:12)
  Pikel (D:7)
  10 harpies
  6 mana vipers
  2 necromancers
  33 deep elf pyromancers
  32 deep elf zephyrmancers
  A shining eye (Slime:2)
  5 manticores
  7 orc sorcerers
  2 oklob plants
  15 ugly things
  9 cyclopes
  21 moths of wrath
  A faun (Shoals:3)
  A rust devil (Depths:2)
  10 salamanders
  7 guardian serpents
  3 merfolk sirens
  11 elephants
  28 black mambas
  A smoke demon (Depths:1)
  2 orange demons
  4 water nymphs
  3 torpor snails
  A gargoyle (D:14)
  7 cane toads
  12 naga magi
  A hellion (Depths:3)
  A yaktaur (shapeshifter) (D:13)
  Psyche (D:9)
  2 efreet
  7 komodo dragons
  3 yaktaurs (D:15)
  An ancient zyme (Abyss:2)
  3 tengu conjurers
  A queen bee (shapeshifter) (Abyss:2)
  A meliai (shapeshifter) (Elf:2)
  9 trolls
  2 wind drakes
  2 hellwings
  3 polar bears
  9 merfolk
  A polar bear (shapeshifter) (D:14)
  A snapping turtle (Shoals:3)
  Prince Ribbit (D:7)
  2 tarantellas (Zig:4)
  2 raiju (Abyss:2)
  12 blink frogs
  A spriggan (shapeshifter) (Elf:2)
  3 wraiths
  34 slime creatures
  9 air elementals
  3 wyverns
  5 water elementals
  16 yaks
  15 humans
  A steam dragon (D:6)
  2 fire bats (Gauntlet)
  6 golden eyes
  5 basilisks
  4 chaos spawn
  8 wargs
  A neqoxec (D:5)
  5 fire elementals
  37 nagas
  Edmund (D:6)
  3 hell hounds
  A nameless horror (Shoals:3)
  10 water moccasins
  A swamp drake (D:11)
  A black bear (shapeshifter) (Elf:1)
  13 orc warriors
  3 black bears
  5 wolves (Lair:5)
  20 ogres
  8 centaurs
  2 small abominations (Abyss:2)
  2 kobold brigands (Depths:3)
  3 lemures (D:7)
  9 bullfrogs
  An earth elemental (Elf:3)
  2 gnoll sergeants
  4 scorpions (D:5)
  Dowan (D:6)
  7 wights
  10 killer bees
  4 howler monkeys
  2 electric eels (Lair:1)
  A hound (shapeshifter) (Elf:2)
  4 hounds
  2 gnoll boudas
  4 jellies
  16 orc priests
  A sleepcap (D:7)
  5 starcursed masses (Abyss:2)
  Ijyb (D:3)
  Natasha (thrice) (D:2)
  8 iguanas
  35 orc wizards
  3 hell rats (Lair:3)
  24 gnolls
  11 adders
  5 river rats (Lair:3)
  2 shadow imps (D:6)
  2 white imps
  4 ufetubi
  4 worms
  3 dart slugs
  85 orcs
  4 ball pythons
  7 endoplasms
  3 giant cockroaches
  7 goblins
  3 hobgoblins (D:1)
  3 jackals (D:2)
  3 quokkas
  7 bats
  3 frilled lizards
  8 kobolds
  4 rats
  11 fulminant prisms
1245 creatures vanquished.

Vanquished Creatures (collateral kills)
  2 dread liches (Zot:5)
  2 ancient liches (Zot:5)
  2 orbs of fire
  Sojobo (Depths:2)
  2 curse toes
  2 Killer Klowns
  6 golden dragons
  A bone dragon (Zig:3)
  2 electric golems
  A Tzitzimitl (Zig:3)
  10 Orb Guardians (Zot:5)
  A walking crystal tome (Depths:3)
  A lich (Depths:1)
  7 tentacled monstrosities
  4 quicksilver dragons
  2 deep elf master archers
  15 acid blobs
  3 krakens
  2 death cobs
  Kirke (Snake:4)
  A sphinx (shapeshifter) (Zig:8)
  7 storm dragons
  3 sphinxes
  2 tengu reavers
  7 rockslimes
  4 shadow dragons
  3 draconian monks
  2 nagarajas (Zig:6)
  10 azure jellies
  5 frost giants
  2 fire giants
  2 deep elf sorcerers
  5 draconian scorchers
  2 ghost moths
  4 draconian knights
  A deep elf elementalist (Elf:3)
  6 draconian shifters
  A draconian stormcaller (Zot:2)
  9 very ugly things
  3 draconian annihilators
  2 quicksilver oozes (Slime:5)
  8 stone giants
  6 black draconians
  8 yellow draconians
  10 green draconians
  2 deep elf annihilators (Elf:3)
  A deep elf demonologist (Zig:2)
  2 red draconians
  A dire elephant (Lair:5)
  4 purple draconians
  6 white draconians
  4 merfolk impalers
  2 deep elf death magi (Elf:3)
  7 fire dragons
  5 crystal guardians (Depths:3)
  5 ettins
  3 rakshasas
  A deep elf high priest (Elf:3)
  2 great orbs of eyes
  4 salamander tyrants (Snake:4)
  7 ice dragons
  2 merfolk avatars
  4 spriggan air magi
  A catoblepas (D:15)
  A centaur warrior (Shoals:2)
  2 death yaks (Lair:5)
  A two-headed ogre (shapeshifter) (Depths:4)
  5 satyrs
  6 tengu warriors
  6 deep troll shamans
  3 merfolk aquamancers
  5 deep troll earth magi
  A two-headed ogre (Orc:2)
  A shock serpent (Snake:2)
  10 naga warriors
  A hell hog (Abyss:2)
  A shock serpent (shapeshifter) (Depths:1)
  6 naga sharpshooters
  A thrashing horror (Abyss:2)
  3 vampire magi
  A wretched star (Abyss:2)
  A soul eater (Depths:1)
  A hell knight (Depths:4)
  A skyshark (Shoals:2)
  2 salamander mystics (Snake:4)
  3 iron trolls
  6 sea snakes
  5 deep elf knights (Elf:2)
  2 sixfirhies
  4 glowing orange brains
  A skeletal warrior (D:15)
  9 deep trolls
  A flayed ghost (Depths:3)
  3 naga ritualists
  5 deep elf archers
  5 ugly things
  2 deep elf pyromancers (Elf:3)
  A necromancer (Depths:4)
  9 deep elf zephyrmancers
  4 harpies
  10 shining eyes
  4 mana vipers (Snake:2)
  5 manticores
  2 orc sorcerers
  7 salamanders
  2 cyclopes
  22 fauns
  17 moths of wrath
  3 elephants
  3 guardian serpents
  7 merfolk sirens
  17 naga magi
  A rust devil (Abyss:2)
  5 black mambas
  2 cane toads (Lair:5)
  An apocalypse crab (Zig:8)
  An orange demon (Depths:3)
  A smoke demon (Abyss:2)
  A torpor snail (Lair:1)
  An unseen horror (D:11)
  A kobold demonologist (Depths:3)
  A yaktaur (Zig:7)
  3 nameless horrors
  A komodo dragon (D:8)
  2 tengu conjurers
  An ancient zyme (Abyss:2)
  17 merfolk
  3 wind drakes (Shoals:4)
  A hellwing (Depths:3)
  A troll (Orc:2)
  A raiju (Abyss:2)
  5 snapping turtles
  2 dream sheep (Shoals:4)
  27 slime creatures
  A shadow (D:11)
  3 water elementals (Shoals:1)
  A wraith (Abyss:2)
  2 vampires
  A fire elemental (Elf:3)
  A yak (Lair:5)
  A wyvern (D:9)
  Eustachio (D:6)
  4 golden eyes (Slime:2)
  3 hogs (Snake:4)
  2 wargs
  25 nagas
  2 water moccasins (Lair:5)
  Duvessa (D:6)
  3 orc warriors
  An ogre (Depths:2)
  10 wolves
  An earth elemental (Zig:2)
  2 hounds (D:5)
  5 starcursed masses (Abyss:2)
  4 orc wizards
  A gnoll (D:5)
  An adder (D:5)
  12 orcs
628 creatures vanquished.

Vanquished Creatures (others)
  Tiamat (Zot:3)
  2 ancient liches (Zot:5)
  An orb of fire (Zot:5)
  A golden dragon (Zot:4)
  2 Orb Guardians
  A tentacled monstrosity (Zot:4)
  2 shadow dragons
  A draconian monk (Zot:4)
  A draconian scorcher (Zot:1)
  A deep elf annihilator (Elf:3)
  A green draconian (Zot:1)
  A purple draconian (Zot:2)
  A red draconian (Zot:2)
  A white draconian (Zot:4)
  A tengu warrior (Depths:3)
  A deep elf knight (Elf:2)
  A deep elf zephyrmancer (Elf:2)
  An ancient zyme (Abyss:2)
  2 air elementals
  A shadow (D:13)
  4 humans
  A nameless horror (Depths:3)
  An orc wizard (Orc:2)
  336 fulminant prisms
  26 tentacles
392 creatures vanquished.

Grand Total: 2265 creatures vanquished

Notes
Turn   | Place    | Note
-------+----------+-------------------------------------------
     0 | D:1      | javelincjr the Djinni Conjurer began the quest for the Orb.
     0 | D:1      | javelincjr set off with the following spells memorised:
                  | Magic Dart, Searing Ray, Dazzling Flash, Fulminant Prism,
                  | Iskenderun's Mystic Blast.
     0 | D:1      | Reached XP level 1. HP: 15/15 MP: 0/0
   162 | D:1      | Reached XP level 2. HP: 22/22 MP: 0/0
   325 | D:1      | Reached skill level 1 in Fighting
   478 | D:1      | Reached XP level 3. HP: 25/27 MP: 0/0
   478 | D:1      | Learned a level 1 spell: Sting
   846 | D:2      | Noticed Natasha
   850 | D:2      | Killed Natasha
   851 | D:2      | Reached XP level 4. HP: 28/33 MP: 0/0
   875 | D:2      | Reached skill level 1 in Armour
  1270 | D:2      | Reached skill level 2 in Fighting
  1333 | D:2      | Noticed Natasha
  1407 | D:2      | Killed Natasha
  1408 | D:2      | Reached XP level 5. HP: 20/38 MP: 0/0
  1408 | D:2      | Learned a level 2 spell: Momentum Strike
  1479 | D:2      | Noticed Natasha
  1494 | D:2      | Killed Natasha
  1944 | D:3      | Noticed Ijyb
  1951 | D:3      | Killed Ijyb
  2090 | D:3      | Reached XP level 6. HP: 41/45 MP: 0/0
  2203 | D:3      | Reached skill level 3 in Fighting
  2874 | D:4      | Reached XP level 7. HP: 35/50 MP: 0/0
  2874 | D:4      | Learned a level 3 spell: Call Canine Familiar
  3206 | D:4      | Reached skill level 4 in Fighting
  3881 | D:5      | Entered Level 5 of the Dungeon
  4137 | D:5      | Reached XP level 8. HP: 52/58 MP: 0/0
  4163 | D:5      | Found Zuwob's General Store.
  4264 | D:5      | Reached skill level 5 in Spellcasting
  4454 | D:5      | Reached skill level 5 in Fighting
  4707 | D:5      | Found Luirchie's Lightly-Used Armoury.
  5512 | D:6      | Noticed Eustachio
  5523 | D:6      | Killed Eustachio
  5524 | D:6      | Reached skill level 5 in Dodging
  5524 | D:6      | Reached XP level 9. HP: 52/66 MP: 0/0
  5524 | D:6      | Learned a level 3 spell: Swiftness
  5567 | D:6      | Reached skill level 6 in Fighting
  5668 | D:6      | Noticed a cyclops
  5693 | D:6      | Killed a cyclops
  6069 | D:6      | Reached skill level 7 in Fighting
  6228 | D:6      | Noticed Duvessa
  6228 | D:6      | Noticed Dowan
  6235 | D:6      | Killed Duvessa
  6243 | D:6      | Killed Dowan
  6509 | D:6      | Noticed Edmund
  6517 | D:6      | Killed Edmund
  6662 | D:7      | Reached skill level 5 in Armour
  6740 | D:7      | Reached XP level 10. HP: 48/75 MP: 0/0
  6841 | D:7      | Noticed Pikel
  6849 | D:7      | Killed Pikel
  6850 | D:7      | Reached skill level 8 in Fighting
  7166 | D:7      | Found Moxauzack's Jewellery Emporium.
  7240 | D:7      | Noticed Prince Ribbit
  7245 | D:7      | Killed Prince Ribbit
  7655 | D:7      | Found a staircase to the Ecumenical Temple.
  7666 | Temple   | Entered the Ecumenical Temple
  7863 | Temple   | Became a worshipper of Qazlal Stormbringer
  8162 | D:7      | Identified a scroll of acquirement
  8162 | D:7      | Acquired 1014 gold pieces
  8193 | D:7      | Bought the ring of Rusith {Wiz Int+2 Stlth+} for 528 gold
                  | pieces
  8193 | D:7      | Bought an amulet of regeneration for 360 gold pieces
  8670 | D:8      | Noticed an orange demon
  8670 | D:8      | Noticed Amaemon
  8679 | D:8      | Killed an orange demon
  8685 | D:8      | Killed Amaemon
  8756 | D:8      | Found Riupiop's Distillery.
  8764 | D:8      | Bought a potion of mutation for 80 gold pieces
  8764 | D:8      | Bought a potion of heal wounds for 50 gold pieces
  8764 | D:8      | Gained mutation: You have a pair of small horns on your
                  | head. [potion of mutation]
  8764 | D:8      | Gained mutation: Your muscles are strong. (Str +4, Int/Dex
                  | -1) [potion of mutation]
  8764 | D:8      | Gained mutation: Your mind is acute. (Int +4, Str/Dex -1)
                  | [potion of mutation]
  8922 | D:8      | Reached skill level 9 in Fighting
  8951 | D:8      | Reached XP level 11. HP: 58/84 MP: 0/0
  8951 | D:8      | Learned a level 5 spell: Metabolic Englaciation
  9362 | D:9      | Noticed Psyche
  9370 | D:9      | Killed Psyche
  9999 | D:10     | Entered Level 10 of the Dungeon
 10063 | D:10     | Found a staircase to the Orcish Mines.
 10063 | D:10     | Noticed a two-headed ogre
 10071 | D:10     | Killed a two-headed ogre
 10077 | D:10     | Reached * piety under Qazlal
 10092 | D:10     | Reached skill level 1 in Invocations
 10095 | D:10     | Reached skill level 1 in Evocations
 10307 | D:10     | Noticed Harold
 10319 | D:10     | Killed Harold
 10329 | D:10     | Reached skill level 10 in Fighting
 10434 | D:10     | Found Yrha's Book Shoppe.
 11000 | D:11     | Reached skill level 1 in Shields
 11072 | D:11     | Noticed a cyan ugly thing
 11086 | D:11     | Killed a cyan ugly thing
 11146 | D:11     | Noticed a brown ugly thing
 11157 | D:11     | Killed a brown ugly thing
 11179 | D:11     | Noticed a red ugly thing
 11184 | D:11     | Reached ** piety under Qazlal
 11188 | D:11     | Reached XP level 12. HP: 74/91 MP: 0/0
 11236 | D:11     | Found a gate leading to a gauntlet.
 11244 | Gauntlet | Entered a Gauntlet
 11244 | Gauntlet | Found a transporter.
 11244 | Gauntlet | Found a transporter.
 11247 | Gauntlet | Noticed a fire crab
 11249 | Gauntlet | Found a transporter.
 11264 | Gauntlet | Found a transporter.
 11285 | Gauntlet | Found a transporter.
 11293 | Gauntlet | Found a transporter.
 11301 | Gauntlet | Noticed a death yak
 11301 | Gauntlet | Noticed a death yak
 11302 | Gauntlet | Noticed a death yak
 11312 | Gauntlet | Found a transporter.
 11334 | Gauntlet | Noticed a wretched star
 11403 | Gauntlet | Found a transporter.
 11405 | Gauntlet | Noticed a death scarab
 11409 | Gauntlet | Noticed a death scarab
 11421 | Gauntlet | Found a transporter.
 11429 | Gauntlet | Noticed a balrug
 11432 | Gauntlet | Found a transporter.
 11443 | Gauntlet | Found a transporter.
 11451 | Gauntlet | Found a transporter.
 11500 | Gauntlet | Found a transporter.
 11510 | Gauntlet | Found a transporter.
 11515 | Gauntlet | Noticed a death scarab
 11559 | Gauntlet | Found a transporter.
 11575 | Gauntlet | Noticed a death scarab
 11576 | Gauntlet | Found a transporter.
 11691 | Gauntlet | Killed a fire crab
 11760 | Gauntlet | Identified the +0 hat of the New World {Str+4}
 11803 | Gauntlet | Killed a death yak
 11807 | Gauntlet | Killed a death yak
 11813 | Gauntlet | Killed a death yak
 11904 | Gauntlet | Identified the +0 hat of Shadows and Fog {rC+ rN+ Int-4}
 11966 | Gauntlet | Noticed a minotaur
 12004 | Gauntlet | Killed a minotaur
 12027 | Gauntlet | Identified the +0 steam dragon scales "Ymaff" {rElec}
 12088 | D:11     | Noticed Urug
 12106 | D:11     | Killed Urug
 12210 | D:11     | Noticed Nergalle
 12217 | D:11     | Killed Nergalle
 12218 | D:11     | Reached skill level 11 in Fighting
 12384 | D:11     | Found a staircase to the Lair.
 13132 | D:12     | Reached XP level 13. HP: 99/99 MP: 0/0
 13132 | D:12     | Learned a level 5 spell: Agony
 13559 | D:13     | Noticed a rakshasa
 13559 | D:13     | Noticed a centaur warrior
 13629 | D:13     | Noticed Rupert
 13629 | D:13     | Noticed a centaur warrior
 13629 | D:13     | Noticed an eight-headed hydra
 13629 | D:13     | Found a gate to the Vaults.
 13770 | D:12     | Reached skill level 12 in Fighting
 13770 | D:12     | Reached skill level 10 in Spellcasting
 13770 | D:12     | Reached skill level 5 in Invocations
 13770 | D:12     | Reached XP level 14. HP: 107/107 MP: 0/0
 13781 | D:12     | Reached skill level 5 in Shields
 13913 | D:12     | Reached *** piety under Qazlal
 13932 | D:12     | Paralysed by Rupert for 5 turns
 13945 | D:12     | Killed Rupert
 14086 | D:13     | Identified the +5 rapier of Evisceration {venom, Fragile
                  | rElec Dex+5}
 14418 | D:13     | Reached skill level 5 in Evocations
 14850 | D:14     | Found Ygajaos's Vocational Training.
 14911 | D:14     | Reached skill level 13 in Fighting
 15079 | D:14     | Found a blossoming altar of Fedhas.
 15311 | D:15     | Entered Level 15 of the Dungeon
 15347 | D:15     | Reached **** piety under Qazlal
 15348 | D:15     | Reached XP level 15. HP: 108/114 MP: 0/0
 15348 | D:15     | Learned a level 6 spell: Death Channel
 15352 | D:15     | Reached skill level 10 in Dodging
 15456 | D:15     | Noticed a cyan very ugly thing
 15459 | D:15     | Noticed a cyan very ugly thing
 15462 | D:15     | Killed a purple very ugly thing
 15467 | D:15     | Killed a purple very ugly thing
 15748 | D:15     | Found a staircase to the Depths.
 15850 | D:15     | Noticed Jorgrun
 15871 | D:15     | Killed Jorgrun
 16517 | Lair:1   | Entered Level 1 of the Lair of Beasts
 16856 | Lair:1   | Lost mutation: Your muscles are strong. (Str +4, Int/Dex
                  | -1) [potion of mutation]
 16856 | Lair:1   | Lost mutation: You have a pair of small horns on your head.
                  | [potion of mutation]
 16856 | Lair:1   | Lost mutation: Your mind is acute. (Int +4, Str/Dex -1)
                  | [potion of mutation]
 16856 | Lair:1   | Gained mutation: You occasionally lose the ability to drink
                  | potions when taking damage. [potion of mutation]
 16856 | Lair:1   | Gained mutation: You have a pair of small horns on your
                  | head. [potion of mutation]
 16856 | Lair:1   | Gained mutation: You are somewhat resistant to further
                  | mutation. [potion of mutation]
 17301 | Lair:2   | Found a staircase to the Shoals.
 17372 | Lair:2   | Reached skill level 1 in Polearms
 17602 | D:8      | Reached ***** piety under Qazlal
 17951 | Lair:2   | Reached skill level 14 in Fighting
 18024 | Lair:2   | Identified the +0 chain mail "Jusyno" {Stlth+}
 18511 | Lair:2   | Lost mutation: You have a pair of small horns on your head.
                  | [potion of mutation]
 18511 | Lair:2   | Lost mutation: You occasionally lose the ability to drink
                  | potions when taking damage. [potion of mutation]
 18511 | Lair:2   | Lost mutation: You are somewhat resistant to further
                  | mutation. [potion of mutation]
 18511 | Lair:2   | Gained mutation: You are dopey. (Int -2) [potion of
                  | mutation]
 18559 | Lair:3   | Reached XP level 16. HP: 94/123 MP: 0/0
 18603 | Lair:3   | Found a staircase to the Snake Pit.
 19839 | Lair:4   | Found a viscous altar of Jiyva.
 19839 | Lair:4   | Found a staircase to the Slime Pits.
 20017 | Lair:5   | Entered Level 5 of the Lair of Beasts
 20072 | Lair:5   | Reached skill level 10 in Armour
 20335 | Lair:5   | Identified the staff of air "Allarch" {*Slow rElec rPois
                  | rF- Str+8 Int+3}
 21093 | Snake:1  | Entered Level 1 of the Snake Pit
 21224 | Snake:1  | Found Tireah's Armour Shop.
 21290 | Snake:1  | Found a sacrificial altar of Ru.
 21835 | Snake:2  | Reached ****** piety under Qazlal
 21880 | Snake:2  | Found Fuhaadush's Antique Armour Shoppe.
 21886 | Snake:2  | Bought a warped robe for 199 gold pieces
 21886 | Snake:2  | Identified the +0 robe of the Land of Plenty {Str+3} (You
                  | bought it in a shop on level 2 of the Snake Pit)
 21915 | Snake:2  | Identified the ring of the Wizarding Gods {Will+ SInv}
 21978 | Snake:2  | Reached skill level 15 in Fighting
 22005 | Snake:2  | Reached XP level 17. HP: 120/131 MP: 0/0
 22005 | Snake:2  | Learned a level 7 spell: Enfeeble
 22327 | Snake:2  | Identified the +8 ring mail "Aleparie" {Drain rElec rF++
                  | SInv}
 22754 | Snake:2  | Found Eduwioh's Book Shop.
 22756 | Snake:2  | Found Ruhemeed's Jewellery Shoppe.
 22757 | Snake:2  | Found Ashar's Book Shop.
 23355 | Snake:3  | Noticed Mlioglotl
 23372 | Snake:3  | Killed Mlioglotl
 23445 | Snake:3  | Noticed Aizul
 23476 | Snake:3  | Killed Aizul
 23966 | Snake:4  | Entered Level 4 of the Snake Pit
 23966 | Snake:4  | Noticed Roxanne
 24043 | Snake:4  | Noticed Agnes
 24062 | Snake:4  | Killed Agnes
 24063 | Snake:4  | Reached XP level 18. HP: 64/139 MP: 0/0
 24237 | Snake:4  | Reached skill level 16 in Fighting
 24272 | Snake:4  | Reached skill level 5 in Polearms
 24339 | Abyss:2  | Cast into level 2 of the Abyss (salamander)
 24563 | Abyss:2  | Noticed a bone dragon
 24702 | Abyss:2  | Noticed a lich
 24712 | Snake:4  | Escaped the Abyss
 24883 | Snake:4  | Got a serpentine rune of Zot
 24982 | Snake:4  | Noticed Kirke
 24987 | Snake:4  | Killed Kirke
 25072 | Snake:4  | Reached XP level 19. HP: 147/147 MP: 0/0
 25072 | Snake:4  | Learned a level 6 spell: Eringya's Noxious Bog
 25304 | Snake:4  | Noticed Donald
 25323 | Snake:4  | Killed Donald
 25844 | Snake:4  | Killed Roxanne
 26078 | Orc:1    | Entered Level 1 of the Orcish Mines
 26104 | Orc:2    | Entered Level 2 of the Orcish Mines
 26115 | Orc:2    | Reached skill level 10 in Shields
 26196 | Orc:2    | Found a staircase to the Elven Halls.
 26267 | Orc:2    | Found Owkuc's General Store.
 26267 | Orc:2    | Found Wossinaj's Armour Emporium.
 26328 | Orc:2    | Bought a scroll of enchant weapon for 97 gold pieces
 26393 | Orc:2    | Found Fubis's Antique Armour Shop.
 26393 | Orc:2    | Found Etuonkye's Antique Weapon Emporium.
 27173 | Orc:1    | Found a burning altar of Makhleb.
 27560 | Orc:1    | Noticed Erolcha
 27570 | Orc:1    | Killed Erolcha
 27571 | Orc:1    | Reached skill level 10 in Evocations
 27602 | Orc:1    | Reached skill level 17 in Fighting
 27785 | Elf:1    | Entered Level 1 of the Elven Halls
 27790 | Elf:1    | Paralysed by an air elemental for 1 turns
 27832 | Elf:1    | Paralysed by an air elemental for 1 turns
 28415 | Elf:1    | Identified the +9 war axe "Xabb" {venom, Int+4 Dex+2}
 28761 | Elf:1    | Paralysed by an air elemental for 1 turns
 28798 | Elf:1    | Paralysed by an air elemental for 1 turns
 28799 | Elf:1    | Reached skill level 1 in Axes
 28954 | Elf:2    | Reached XP level 20. HP: 108/155 MP: 0/0
 29219 | Elf:2    | Found Umnenuz's Jewellery Shoppe.
 29227 | Elf:2    | Bought the ring "Fesoc" {rC+ rN+ rCorr Int+5 Dex+2} for 868
                  | gold pieces
 29227 | Elf:2    | Found Ynyapuav's Antique Weapon Emporium.
 29419 | Elf:2    | Found a runed translucent gate.
 29420 | Elf:2    | Found a runed translucent gate.
 29420 | Elf:2    | Found a runed translucent gate.
 30117 | Elf:3    | Entered Level 3 of the Elven Halls
 30123 | Elf:3    | Paralysed by an air elemental for 1 turns
 30193 | Elf:3    | Noticed Mara
 30215 | Elf:3    | Noticed javelincjr's illusion
 30217 | Elf:3    | Killed Mara
 30469 | Elf:3    | Noticed an Ice Fiend
 30656 | Elf:3    | Reached skill level 18 in Fighting
 30667 | Elf:3    | Paralysed by an air elemental for 1 turns
 30683 | Elf:3    | Identified the ring "Siurchoxya" {rF+ Int+5}
 30755 | Elf:3    | Reached XP level 21. HP: 119/163 MP: 0/0
 30755 | Elf:3    | Learned a level 7 spell: Haunt
 30756 | Elf:3    | Identified the +3 scale mail of Hedge Wizardry {rF- rN+
                  | Regen+}
 30756 | Elf:3    | Identified the ring "Futimill" {Wiz rN+ Dex+7}
 31304 | Elf:3    | Identified the staff of fire "Mocish" {+Blink rF+ rC+ Int+3
                  | Dex+2}
 31386 | Elf:3    | Found the +3 hat of Pondering {ponderous, Will+ MP+10
                  | Int+5}
 31393 | Elf:3    | Identified the staff of cold "Umisk" {rC+ rCorr Stlth+}
 31785 | Shoals:1 | Entered Level 1 of the Shoals
 32382 | Shoals:1 | Found Gehav's Distillery.
 32394 | Shoals:1 | Bought a potion of heal wounds for 90 gold pieces
 32394 | Shoals:1 | Bought a potion of heal wounds for 90 gold pieces
 32394 | Shoals:1 | Bought a potion of ambrosia for 144 gold pieces
 33419 | Shoals:3 | Reached skill level 15 in Spellcasting
 34022 | Shoals:3 | Found Xiughukhu's Overcharged Wands.
 34407 | Shoals:4 | Entered Level 4 of the Shoals
 34871 | Shoals:4 | Reached XP level 22. HP: 143/171 MP: 0/0
 34933 | Shoals:4 | Got a barnacled rune of Zot
 35363 | Shoals:4 | Found the ring of the Tortoise {AC+8}
 35621 | Slime:1  | Entered Level 1 of the Pits of Slime
 36009 | Slime:2  | Reached skill level 19 in Fighting
 36572 | Slime:3  | Gained mutation: You are occasionally teleported next to
                  | monsters. [a shining eye]
 36691 | Slime:3  | Gained mutation: You are frail. (-10% HP) [a shining eye]
 36729 | Slime:3  | Gained mutation: You occasionally lose the ability to drink
                  | potions when taking damage. [a shining eye]
 36730 | Slime:3  | Lost mutation: You are dopey. (Int -2) [potion of mutation]
 36730 | Slime:3  | Lost mutation: You are occasionally teleported next to
                  | monsters. [potion of mutation]
 36730 | Slime:3  | Lost mutation: You occasionally lose the ability to drink
                  | potions when taking damage. [potion of mutation]
 36730 | Slime:3  | Gained mutation: Your mind is acute. (Int +4, Str/Dex -1)
                  | [potion of mutation]
 36730 | Slime:3  | Gained mutation: You are partially covered in iridescent
                  | scales. (AC +2) [potion of mutation]
 37263 | Slime:5  | Entered Level 5 of the Pits of Slime
 37317 | Slime:5  | Noticed the Royal Jelly
 37398 | Slime:5  | Gained mutation: You have a pair of small horns on your
                  | head. [a shining eye]
 37410 | Slime:4  | Reached skill level 15 in Dodging
 37603 | Slime:5  | Killed the Royal Jelly
 37793 | Slime:5  | Got a slimy rune of Zot
 37802 | Slime:5  | Identified the +2 dagger of Makhleb's Fury {flame, rCorr
                  | Stlth+}
 37841 | Slime:5  | Identified the +0 chain mail of the Iron City of Dis
                  | {Int+2}
 37926 | Slime:5  | Identified the staff of earth "Cilycy" {Stlth+}
 38416 | Depths:1 | Entered Level 1 of the Depths
 38479 | D:15     | Reached XP level 23. HP: 68/160 MP: 0/0
 38479 | D:15     | Learned a level 8 spell: Borgnjor's Revivification
 38855 | Depths:1 | Found Vutisium's Pet Rocks.
 38934 | Depths:1 | Found a white marble altar of Elyvilon.
 39218 | Depths:1 | Found a gateway to Hell.
 39305 | Depths:1 | Found a one-way gate leading to the halls of Pandemonium.
 39521 | Depths:2 | Noticed Sojobo
 39617 | Depths:2 | Killed Sojobo
 39919 | Depths:2 | Reached skill level 1 in Long Blades
 39981 | Depths:2 | Noticed Saint Roka
 39996 | Depths:2 | Killed Saint Roka
 40150 | Depths:2 | Found a sparkling altar of Nemelex Xobeh.
 40724 | Depths:3 | Found Dergh's Jewellery Emporium.
 41030 | Depths:3 | Reached skill level 20 in Fighting
 41426 | Depths:3 | Found a one-way gate to the infinite horrors of the Abyss.
 41559 | Depths:3 | Found a hazy altar of Hepliaklqana.
 41881 | Depths:3 | Noticed a golden dragon
 41899 | Depths:3 | Killed a golden dragon
 42055 | Depths:3 | Reached XP level 24. HP: 166/168 MP: 0/0
 42400 | Depths:3 | Noticed a golden dragon
 42495 | Depths:3 | Killed a golden dragon
 42842 | Depths:4 | Entered Level 4 of the Depths
 42948 | Depths:4 | Noticed a golden dragon
 42962 | Depths:4 | Killed a golden dragon
 43326 | Depths:4 | Found a one-way gateway to a ziggurat.
 43334 | Depths:4 | Noticed a golden dragon
 43349 | Depths:4 | Killed a golden dragon
 43401 | Depths:4 | Found a gate to the Realm of Zot.
 43464 | Zig:1    | Entered Level 1 of a ziggurat
 43494 | Zig:2    | Entered Level 2 of a ziggurat
 43528 | Zig:3    | Entered Level 3 of a ziggurat
 43539 | Zig:3    | Found the +8 trishula "Condemnation" {holy, anguish, *Noise
                  | Fly rN+}
 43571 | Zig:4    | Entered Level 4 of a ziggurat
 43618 | Zig:5    | Entered Level 5 of a ziggurat
 43656 | Zig:5    | Identified the staff of poison "Jarefu" {rPois rF+ SInv}
 43703 | Zig:6    | Entered Level 6 of a ziggurat
 43724 | Zig:6    | Identified the staff of cold "Ywawuak" {rF+ rC+ Will+}
 43762 | Zig:7    | Entered Level 7 of a ziggurat
 43803 | Zig:7    | Identified the +2 robe "Iqiwnum" {Rampage}
 43804 | Zig:7    | Identified the staff of poison "Agruj" {rPois Str+3 Int+4}
 43933 | Zig:8    | Entered Level 8 of a ziggurat
 43938 | Zig:8    | Noticed a Killer Klown
 43938 | Zig:8    | Noticed a Killer Klown
 43949 | Zig:8    | Killed a Killer Klown
 43953 | Zig:8    | Killed a Killer Klown
 43967 | Zig:8    | Found the -2 hat of the Alchemist {rElec rPois rF+ rC+ rN+
                  | Will+ rMut rCorr}
 43997 | Zig:9    | Entered Level 9 of a ziggurat
 44100 | Depths:4 | Noticed a caustic shrike
 44100 | Depths:4 | Noticed a caustic shrike
 44100 | Depths:4 | Noticed a caustic shrike
 44107 | Depths:4 | Killed a caustic shrike
 44108 | Depths:4 | Killed a caustic shrike
 44108 | Depths:4 | Killed a caustic shrike
 44112 | Depths:4 | Reached XP level 25. HP: 151/174 MP: 0/0
 44112 | Depths:4 | Learned a level 9 spell: Polar Vortex
 44351 | Zot:1    | Entered Level 1 of the Realm of Zot
 44565 | Zot:1    | Reached skill level 15 in Armour
 44595 | Zot:1    | Noticed a curse toe
 44613 | Zot:1    | Killed a curse toe
 44629 | Zot:1    | Reached skill level 10 in Polearms
 44846 | Zot:1    | Reached skill level 21 in Fighting
 46080 | Zot:2    | Reached skill level 10 in Invocations
 46987 | Zot:3    | Found the +4 dragonskin cloak
 46987 | Zot:3    | Noticed Tiamat
 47106 | Zot:3    | Reached XP level 26. HP: 70/182 MP: 0/0
 47395 | Zot:3    | Identified the amulet "Zauklim" {Faith Str+3}
 47923 | Zot:3    | Killed Tiamat
 48257 | Zot:4    | Noticed a curse toe
 48417 | Zot:4    | Killed a curse toe
 49066 | Zot:5    | Entered Level 5 of the Realm of Zot
 49096 | Zot:5    | Noticed a dread lich
 49097 | Zot:5    | Noticed an orb of fire
 49107 | Zot:5    | Noticed an ancient lich
 49107 | Zot:5    | Noticed an ancient lich
 49211 | Zot:5    | Noticed an ancient lich
 49265 | Zot:5    | Noticed an ancient lich
 49284 | Zot:5    | Killed an ancient lich
 49500 | Zot:4    | Killed an orb of fire
 49567 | Zot:5    | Killed an ancient lich
 49575 | Zot:5    | Killed a dread lich
 49576 | Zot:5    | Killed an ancient lich
 49580 | Zot:5    | Killed an ancient lich
 49695 | Zot:5    | Reached skill level 22 in Fighting
 49850 | Zot:5    | Noticed a Killer Klown
 49885 | Zot:5    | Reached XP level 27. HP: 156/189 MP: 0/0
 49885 | Zot:5    | Learned a level 9 spell: Shatter
 49890 | Zot:5    | Noticed an ancient lich
 49898 | Zot:5    | Killed an ancient lich
 49902 | Zot:5    | Killed a Killer Klown
 50043 | Zot:5    | Noticed an ancient lich
 50044 | Zot:5    | Noticed an orb of fire
 50049 | Zot:5    | Gained mutation: You occasionally lose the ability to drink
                  | potions when taking damage. [an orb of fire]
 50051 | Zot:5    | Gained mutation: You are very frail. (-20% HP) [an orb of
                  | fire]
 50052 | Zot:5    | Lost mutation: Your mind is acute. (Int +4, Str/Dex -1) [an
                  | orb of fire]
 50062 | Zot:5    | Killed an ancient lich
 50075 | Zot:5    | Killed an orb of fire
 50201 | Zot:5    | Noticed an orb of fire
 50219 | Zot:5    | Gained mutation: You are clumsy. (Dex -2) [an orb of fire]
 50223 | Zot:5    | Noticed a Killer Klown
 50326 | Zot:5    | Killed an orb of fire
 50390 | Zot:5    | Killed a Killer Klown
 50401 | Zot:5    | Noticed a dread lich
 50418 | Zot:5    | Killed a dread lich
 50524 | Zot:5    | Noticed a dread lich
 50546 | Zot:5    | Killed a dread lich
 50547 | Zot:5    | Reached skill level 15 in Shields
 50578 | Zot:5    | Noticed an orb of fire
 50592 | Zot:5    | Killed an orb of fire
 50843 | Zot:5    | Got the Orb of Zot
 51016 | Depths:3 | Noticed Tinuzan the pandemonium lord
 51110 | D:15     | Noticed a seraph
 51341 | D:5      | Gained mutation: Your spells are a little easier to cast,
                  | but a little less powerful. [a neqoxec]
 51504 | D:$      | Escaped with the Orb!

Illustrated notes

Levels and vault maps discovered:
D:1:      spicycebolla_arrival_ecumenical, layout_loops_ring
D:2:      layout_loops_ring, item_on_display_a, uniq_natasha
D:3:      layout_rooms, serial_glass, glass_columns_a, glass_columns_b,
          kennysheep_nub, uniq_ijyb
D:4:      layout_basic
D:5:      layout_basic, serial_shops, shop, minmay_shop_damaged,
          minmay_increasing_density
D:6:      nicolae_BIG_FREAKIN_CUBE, layout_basic, kennysheep_mini_moat,
          uniq_edmund, uniq_duvessa, uniq_eustachio
D:7:      layout_loops_ring, temple_green, serial_shops,
          nicolae_shop_gaudy_bauble, minmay_chambers_of_fives,
          uniq_prince_ribbit1, uniq_pikel
D:8:      layout_gridville, serial_shops, shop_statue, uniq_amaemon
D:9:      layout_roguey, uniq_psyche
D:10:     layout_irregular_city, minmay_orc_entry_temple_small, serial_shops,
          nicolae_shop_pleasant_corner_grove, uniq_harold
D:11:     layout_roguey, erik_lair_dragon, gauntlet_entry_generic, minivault_23,
          uniq_nergalle, uniq_urug
D:12:     layout_basic, minmay_librarian
D:13:     layout_basic, david_vaults_3, feat_on_display
D:14:     layout_loops_cross, fedhas_altar_3, nicolae_shop_vocational
D:15:     gammafunk_enter_depths_forms, layout_long_grid, uniq_jorgrun
Temple:   mainiacjoe_temple_archimedes_tessellation
Lair:1:   layout_concentric_octagons, serial_bayou_ford_a, minivault_27,
          grunt_megastairs_3
Lair:2:   layout_regular_city, elwin_shoals_entry_rocks,
          minmay_lair_oklob_bushes, chequers_serial_rivers_micro_b
Lair:3:   layout_misc_corridors, minmay_snake_entry_guardpost_small,
          serial_bayou_pond_a, kennysheep_abandoned_house, lemuel_fruit_tree
Lair:4:   layout_long_grid, dpeg_slime_entry_corner
Lair:5:   grunt_lair_end_beastmaster, layout_regular_city, serial_bayou_shore_b
Shoals:1: layout_shoals, serial_shops, shop
Shoals:2: layout_shoals
Shoals:3: layout_shoals, nicolae_shop_overcharged_wands
Shoals:4: shoals_end_grunt_garden, layout_shoals, nicolae_shoals_square_sea_wall
Snake:1:  layout_grid_shapes, serial_shops, shop, basic_altar
Snake:2:  layout_gridlike, serial_shops, shop, minmay_shop_grove
Snake:3:  layout_gridlike, nicolae_integral_box, uniq_mlioglotl, uniq_aizul
Snake:4:  snake_pit, layout_chambers, st_stairs_2, beargit_elvish_explorers,
          uniq_agnes, uniq_roxanne, uniq_donald, uniq_kirke
Slime:1:  layout_caves
Slime:2:  layout_caves, cheibrodos_slime_lost_civilization_6
Slime:3:  cheibrodos_slime_lost_civilization_9, layout_caves
Slime:4:  layout_caves
Slime:5
Orc:1:    lemuel_ogre_cave, layout_diamond_mine, basic_altar
Orc:2:    st_orc_town, layout_diamond_mine
Elf:1:    nicolae_elf_arrival_aired_out, layout_geoelf_grid, minmay_elf_sorcery,
          grunt_megastairs_5
Elf:2:    nicolae_elf_blades_crystal_corner, layout_geoelf_octagon,
          minmay_shoptagon
Elf:3:    elf_hall_gauntlet_narrow, layout_loops_ring,
          kilobyte_mutagenic_chamber, uniq_mara
Depths:1: layout_honeycomb, elyvilon_altar_1, hellmouth_1,
          rand_demon_pan_entry_8, minmay_misc_feat_tower,
          grunt_decor_one_mirror, serial_sigils_hangedman_writhe,
          guppyfry_shop_earth
Depths:2: kennysheep_ambush_hall, layout_gridlike, nemelex_altar_shiori,
          rand_demon_pan_entry_1, hell_entry, infiniplex_staircase_spiral,
          uniq_saint_roka, uniq_sojobo
Depths:3: minmay_the_grid_plus [minmay_the_grid_embedded,
          minmay_the_grid_gridbox, minmay_the_grid_artifice,
          minmay_the_grid_box_x, minmay_the_grid_prize_four_corners_diamond_b],
          layout_basic, marbit_kobold_abyss_entry, rand_demon_pan_entry_3,
          nicolae_hepliaklqana_hazy_memory, hell_entry, nicolae_stop_n_shop_1,
          infiniplex_staircase_pillars_1
Depths:4: evilmike_zot_entry_basic, layout_gridville, enter_ziggurat_f,
          minmay_misc_feat_x, hell_entry, led_sif_pool
Zot:1:    layout_onion
Zot:2:    layout_twisted_circle, grunt_megastairs_2
Zot:3:    layout_concentric_octagons, uniq_tiamat
Zot:4:    layout_misc_corridors
Zot:5:    layout_cathedral_of_symmetry

Skill      XL: |  1  2  3  4  5  6  7  8  9 10 11 12 13 14 15 16 17 18 19 20 21 22 23 24 25 26 27 |
---------------+----------------------------------------------------------------------------------+-----
Fighting       | 1 2 3 4 5 7 9 10 11 12 13 14 15 16 17 18 19 20 21 22 | 22.4
Armour         | 1 2 3 5 6 7 8 9 10 11 12 13 14 15 16 | 16.2
Dodging        | 3 4 5 6 7 8 9 10 11 12 13 14 15 16 17 | 17.6
Spellcasting   | 4 5 6 7 8 9 10 11 12 13 14 15 16 17 18 | 18.1
Invocations    | 2 4 5 6 7 8 9 10 11 | 11.6
Evocations     | 2 4 5 6 7 8 9 10 11 | 11.2
Shields        | 1 3 4 6 7 8 9 10 11 12 13 14 15 | 15.0
Polearms       | 1 3 4 5 6 7 8 9 10 11 12 | 12.0
Axes           | 1 3 4 |  4.8
Long Blades    | 2 3 |  3.3
Stealth        | |  1.5

Action                     |  1- 3 |  4- 6 |  7- 9 | 10-12 | 13-15 | 16-18 | 19-21 | 22-24 | 25-27 || total
---------------------------+-------+-------+-------+-------+-------+-------+-------+-------+-------++-------
  Melee: Flail             |       |       |    28 |       |       |       |       |       |       ||    28
         Dagger            |       |       |    27 |    81 |     9 |       |       |       |       ||   117
         Headbutt          |       |       |       |    17 |    24 |       |       |    57 |    91 ||   189
         Spear             |       |       |       |       |   107 |   573 |   425 |   366 |    17 ||  1488
         War axe           |       |       |       |       |       |       |   122 |       |       ||   122
         Eudemon blade     |       |       |       |       |       |       |       |    30 |       ||    30
         Trishula          |       |       |       |       |       |       |       |       |   389 ||   389
   Cast: Magic Dart        |    46 |   147 |   150 |   147 |   113 |   131 |   215 |    31 |    11 ||   991
         Searing Ray       |     1 |     6 |    14 |     2 |     2 |     1 |     2 |       |       ||    28
         Sting             |       |     4 |     2 |     8 |    17 |       |     2 |       |       ||    33
         Iskenderun's Myst |       |     2 |    14 |    72 |   128 |   163 |   214 |   117 |   206 ||   916
         Call Canine Famil |       |       |     8 |    24 |     9 |    56 |    38 |     5 |     1 ||   141
         Fulminant Prism   |       |       |     8 |    62 |   106 |    77 |    88 |     6 |     1 ||   348
         Momentum Strike   |       |       |     3 |     4 |     1 |       |       |       |       ||     8
         Swiftness         |       |       |     1 |       |       |       |       |       |     1 ||     2
         Metabolic Englaci |       |       |       |     2 |    26 |    17 |    19 |     9 |     1 ||    74
         Dazzling Flash    |       |       |       |       |     2 |       |       |       |       ||     2
         Agony             |       |       |       |       |     1 |       |       |     2 |     1 ||     4
         Death Channel     |       |       |       |       |     4 |    27 |    33 |    42 |    43 ||   149
         Enfeeble          |       |       |       |       |       |    18 |   108 |   182 |   173 ||   481
         Eringya's Noxious |       |       |       |       |       |       |     3 |    14 |    11 ||    28
         Haunt             |       |       |       |       |       |       |   132 |   346 |   237 ||   715
         Borgnjor's Revivi |       |       |       |       |       |       |       |       |     1 ||     1
 Invoke: Upheaval          |       |       |       |       |       |     1 |     1 |       |     1 ||     3
         Elemental Force   |       |       |       |       |       |       |     1 |     1 |     3 ||     5
  Evoke: Lightning rod     |       |       |       |       |     4 |     2 |     8 |     2 |       ||    16
         Box of beasts     |       |       |       |       |     1 |     1 |     2 |     1 |     1 ||     6
         Wand              |       |       |       |       |       |     1 |       |     1 |       ||     2
         Phantom mirror    |       |       |       |       |       |       |       |     2 |     1 ||     3
    Use: Scroll            |       |       |    11 |     9 |     9 |     8 |     3 |     3 |     8 ||    51
         Potion            |       |       |       |     3 |     3 |       |       |     1 |     6 ||    13
   Stab: Distracted        |       |       |       |       |       |     4 |     5 |     4 |     7 ||    20
         Petrified         |       |       |       |       |       |     1 |       |       |       ||     1
         Invisible         |       |       |       |       |       |     2 |    19 |    15 |    33 ||    69
 Armour: Robe              |     1 |     8 |     8 |       |       |       |       |       |       ||    17
         Leather armour    |       |       |    40 |    47 |       |       |       |       |       ||    87
         Troll leather arm |       |       |       |     9 |    40 |    91 |    87 |    71 |   126 ||   424
         Scale mail        |       |       |       |       |       |       |     2 |       |       ||     2
  Dodge: Dodged            |     7 |    29 |    86 |    96 |    84 |   266 |   245 |   156 |   256 ||  1225
         Repelled          |       |       |       |       |     1 |    36 |    33 |    17 |    18 ||   105
  Block: Buckler           |       |       |       |    18 |    93 |   228 |       |       |       ||   339
         Kite shield       |       |       |       |       |       |   242 |   715 |   317 |   470 ||  1744
